AoeStats
← chusmanu1991

Arabia

508667720Analyzed
1v1 RM · 8d ago on Sep 23, 2026· 65m 14s· 2 players
Game mode
Random Map
Map size
Tiny (2 player)
Population
200
Speed
Normal
Resources
Standard
Victory
Conquest
Starting age
Dark Age
Ending age
Imperial Age
RankedLock teamsTeams togetherTeam positionsShared explorationLock speedFull tech treeHidden civsTurbo modeCheats
Victory
Defeat
🇪🇸 Britons · Spain
655
+15
🇫🇷 Franks · France
626
-15
LutinPaladin127
11:26 Feudal Age
9:41 Loom
12:11 Double-Bit Axe
17:44 Castle Age
17:05 Scale Mail Armor
17:11 Scale Barding Armor
18:53 Bow Saw
20:41 Forging
23:09 Padded Archer Armor
23:00 Fletching
23:56 Gold Mining
23:56 Stone Mining
23:47 Pikeman
26:15 Iron Casting
26:52 Gold Shaft Mining
27:39 Chain Mail Armor
28:12 Chain Barding Armor
32:08 Wheelbarrow
31:18 Town Watch
34:49 Imperial Age
35:05 Leather Archer Armor
35:01 Bodkin Arrow
36:36 Blast Furnace
36:16 Plate Barding Armor
35:42 Capped Ram
36:40 Husbandry
36:01 Cavalier
38:21 Plate Mail Armor
40:10 Cranequins
40:51 Halberdier
42:19 Paladin
42:51 Elite Skirmisher
44:43 Hand Cart
44:28 Town Patrol
48:33 Crossbowman
49:58 Ballistics
50:39 Chemistry
49:25 Arrowslits
49:32 Guard Tower
52:18 Conscription
54:11 Siege Engineers
53:41 Heavy Mounted Crossbowman
56:27 Squires
chusmanu1991
0:34 Loom
11:39 Feudal Age
12:03 Horse Collar
12:11 Double-Bit Axe
22:17 Castle Age
20:26 Arson
21:22 Forging
22:04 Scale Mail Armor
22:43 Pikeman
23:24 Squires
25:05 Iron Casting
25:49 Bow Saw
26:21 Padded Archer Armor
26:36 Gold Mining
28:54 Fletching
30:42 Ballistics
33:25 Wheelbarrow
36:31 Imperial Age
35:03 Wheelbarrow
35:09 Wheelbarrow
34:40 Heavy Plow
37:06 Halberdier
37:44 Bodkin Arrow
38:05 Leather Archer Armor
42:55 Two-Man Saw
42:01 Bracer
43:04 Blast Furnace
44:24 Bracer
44:44 Elite Longbowman
45:44 Chain Mail Armor
46:34 Ring Archer Armor
47:57 Gambesons
50:07 Plate Mail Armor
50:55 Chemistry
54:41 Gold Shaft Mining
54:33 Yeomen
Connection lost

Rejoining the realm…

Still unreachable

The connection could not be restored.

Session expired

The server has moved on; the page needs a fresh start.